AoeStats
← tigremaster

Pilgrims

509732342Analyzed
3v3 RM · 4d ago on Sep 27, 2026· 86m 41s· 6 players
Game mode
Random Map
Map size
Normal (6 player)
Population
200
Speed
Normal
Resources
Standard
Victory
Conquest
Starting age
Dark Age
Ending age
Imperial Age
RankedLock teamsTeams togetherTeam positionsShared explorationLock speedFull tech treeHidden civsTurbo modeCheats
Victory
Defeat
🇧🇪 Persians · Belgium
1187
+16
🇧🇪 Varangians · Belgium
1166
+17
🇧🇪 Muisca · Belgium
1155
+17
🇺🇸 Vikings · United States
1262
-20
🇪🇨 Armenians · Ecuador
1184
-17
🇦🇷 Bengalis · Argentina
1092
-13
jasper.vanzeebroeck
11:45 Feudal Age
16:20 Castle Age
14:55 Loom
15:18 Fletching
15:29 Padded Archer Armor
15:34 Double-Bit Axe
17:39 Bodkin Arrow
19:45 Forging
21:45 Stone Mining
25:04 Leather Archer Armor
44:50 Ballistics
62:29 Imperial Age
62:35 Elite Guecha Warrior
64:25 Bracer
66:11 Chemistry
Levvy - Humanize
7:43 Loom
10:17 Feudal Age
11:54 Fletching
17:15 Man-at-Arms
21:29 Forging
21:23 Scale Mail Armor
26:48 Castle Age
25:50 Fishing Lines
31:17 Imperial Age
30:38 Bodkin Arrow
33:02 Capped Ram
34:19 Husbandry
34:30 Bloodlines
33:58 Siege Ram
35:04 Scale Barding Armor
40:10 Conscription
39:24 Vendel Legacy
39:29 Cavalier
42:15 Wheelbarrow
42:42 Chain Barding Armor
54:20 Caravan
55:52 Plate Barding Armor
55:59 Iron Casting
58:53 Blast Furnace
59:47 Double-Bit Axe
63:45 Gillnets
69:07 Bow Saw
70:21 Murder Holes
71:00 Ballistics
73:35 Chemistry
72:41 Siege Engineers
72:02 Onager
78:14 Light Cavalry
79:52 Hand Cart
81:55 Bracer
83:40 Hussar
Flemish_Noble
4:17 Loom
10:25 Feudal Age
11:34 Double-Bit Axe
15:58 Fletching
20:10 Town Watch
23:27 Castle Age
21:18 Fishing Lines
24:28 Bow Saw
25:04 Medium Warships
25:55 Wheelbarrow
27:09 Gillnets
28:37 Scale Barding Armor
28:43 Forging
28:32 Gold Mining
28:32 Stone Mining
34:10 Horse Collar
34:54 Chain Barding Armor
34:58 Husbandry
37:37 Bodkin Arrow
38:24 Bloodlines
46:32 Imperial Age
44:08 Heavy Plow
46:12 Hand Cart
46:20 Cavalier
46:35 Capped Ram
49:38 Town Patrol
52:51 Plate Barding Armor
52:52 Iron Casting
53:59 Coinage
54:50 Ballistics
55:31 Chemistry
55:19 Banking
54:28 Savar
56:12 Blast Furnace
56:09 Crop Rotation
56:41 Two-Man Saw
57:34 Padded Archer Armor
65:55 Conscription
69:07 Guilds
72:46 Murder Holes
74:44 Leather Archer Armor
77:18 Ring Archer Armor
77:49 Elite Skirmisher
78:35 Thumb Ring
84:49 Light Cavalry
itzdartzz_
9:29 Loom
14:01 Feudal Age
19:54 Castle Age
18:07 Fletching
18:17 Padded Archer Armor
18:11 Double-Bit Axe
20:31 Bodkin Arrow
20:52 Leather Archer Armor
21:37 Bow Saw
21:19 Gold Mining
23:53 Crossbowman
24:27 Fishing Lines
26:41 Gold Shaft Mining
27:22 Ballistics
31:52 Horse Collar
31:59 Town Watch
33:35 Town Patrol
34:14 Heavy Plow
38:56 Imperial Age
36:21 Stone Mining
39:00 Arbalester
39:51 Bogsveigar
41:34 Chemistry
40:51 Bracer
41:22 Ring Archer Armor
42:29 Two-Man Saw
42:47 Forging
42:44 Scale Barding Armor
44:44 Capped Ram
45:28 Pikeman
47:30 Iron Casting
47:45 Squires
47:30 Arson
47:48 Scale Mail Armor
48:08 Chain Barding Armor
49:15 Chain Mail Armor
50:00 Blast Furnace
48:45 Light Cavalry
53:32 Plate Mail Armor
52:25 Elite Varangian Guard
55:54 Siege Ram
66:48 Caravan
84:24 Cavalier
Nelware1
3:30 Loom
11:54 Feudal Age
13:08 Gold Mining
14:09 Double-Bit Axe
15:53 Fishing Lines
21:08 Fletching
24:11 Castle Age
24:39 Wheelbarrow
29:44 Man-at-Arms
30:10 Gambesons
31:05 Scale Mail Armor
31:17 Long Swordsman
34:51 Town Watch
39:27 Bow Saw
46:15 Chain Mail Armor
46:11 Forging
47:19 Two-Handed Swordsman
47:47 Pikeman
49:59 Halberdier
51:15 Iron Casting
58:27 Champion
70:17 Squires
77:43 Gold Shaft Mining
85:22 Imperial Age
83:47 Hand Cart
85:43 Town Patrol
tigremaster
5:15 Loom
14:05 Feudal Age
15:13 Gold Mining
15:17 Man-at-Arms
20:46 Forging
23:39 Castle Age
24:31 Crossbowman
25:05 Double-Bit Axe
25:05 Horse Collar
25:18 Fletching
27:48 Town Watch
27:54 Town Watch
30:07 Town Patrol
30:03 Bodkin Arrow
30:10 Padded Archer Armor
46:21 Imperial Age
48:19 Onager
50:06 Heavy Scorpion
56:36 Chemistry
57:13 Heavy Plow
57:30 Bow Saw
66:31 Ballistics
78:05 Two-Man Saw
86:03 Wheelbarrow
Connection lost

Rejoining the realm…

Still unreachable

The connection could not be restored.

Session expired

The server has moved on; the page needs a fresh start.